 Dungeon Crawl Stone Soup version 0.30.0-12-gd5a94ecb5d (webtiles) character file.

Game seed: 8579010087890762654

558 LonelyCrow the Shooter (level 7, -16/52 HPs)
             Began as a Human Hunter on May 17, 2023.
             Demolished by an ogre
             ... wielding a +0 giant club
              (28 damage)
             ... on level 4 of the Dungeon.
             The game lasted 00:51:29 (2801 turns).

LonelyCrow the Shooter (Human Hunter)               Turns: 2801, Time: 00:51:30

Health: -16/52     AC:  6    Str: 12    XL:     7   Next: 56%
Magic:  7/7        EV: 11    Int:  9    God:
Gold:   191        SH:  0    Dex: 18    Spells: 6/6 levels left

rFire   . . .        a - +0 shortbow
rCold   . . .        (shield currently unavailable)
rNeg    . . .        f - +0 ring mail
rPois   .            r - +0 helmet
rElec   .            (no cloak)
rCorr   .            (no gloves)
SInv    .            (no boots)
Will    +....        (no amulet)
Stlth   +            g - ring of wizardry
HPRegen 0.28/turn    m - ring of willpower
MPRegen 0.10/turn

%: wizardry (x1)
@: no status effects
A: no striking features
a: no special abilities


You were on level 4 of the Dungeon.
You visited 1 branch of the dungeon, and saw 4 of its levels.

You collected 191 gold pieces.

Inventory:

Hand Weapons
 a - a +0 shortbow (weapon)
Armour
 c - a +0 leather armour
 f - a +0 ring mail (worn)
 h - a +0 hat
 i - a +0 plate armour
 r - a +0 helmet (worn)
Jewellery
 g - a ring of wizardry (left hand)
 m - a ring of willpower (right hand)
Scrolls
 e - a scroll of magic mapping {unknown}
 n - a scroll of vulnerability
 p - 2 scrolls of amnesia
 q - a scroll of noise {unknown}
Potions
 b - a potion of cancellation
 d - 3 potions of brilliance {unknown}
 k - a potion of attraction {unknown}
 l - a potion of heal wounds
 o - 2 potions of curing {unknown}


   Skills:
 + Level 3.5 Fighting
 + Level 7.3 Ranged Weapons
 + Level 2.3 Armour
 + Level 2.4 Dodging
 + Level 1.7 Stealth


You had 6 spell levels left.
You didn't know any spells.
Your spell library was empty.

Dungeon Overview and Level Annotations

Branches:
Dungeon (4/15)
 Temple: D:4-7

Altars:
Dithmenos
Sif Muna

Shops:
D:2 *

Annotations:
D:3 Crazy Yiuf


Message History

Aim: an endoplasm (wandering, hasn't noticed you, 87% to hit)
You shoot an arrow. The endoplasm quivers.
The arrow hits the endoplasm.
The endoplasm is heavily wounded.
Fire: a) +0 shortbow
Press: ? - help, Shift-Dir - straight line, f/p - endoplasm
Aim: an endoplasm (heavily wounded, 87% to hit)
You shoot an arrow. The arrow hits the endoplasm!
You kill the endoplasm!
Fire: a) +0 shortbow
Press: ? - help, Shift-Dir - straight line, f - you Really target yourself? [Y]es or [N]o only, please.
Really target yourself?
You open the door.
There is an open door here.
You open the door.
There is an open door here.
You open the door.
There is an open door here.
You close the door.
You open the door.
Found a stone staircase leading down.
An ogre comes into view. It is wielding a +0 giant club.
Found 18 gold pieces.
The ogre shouts!
There is an open door here.
You close the door.
An ogre opens the door.
Throw: dart (poison)
Press: ? - help, Shift-Dir - straight line, f - ogre
Aim: an ogre, wielding a +0 giant club (76% to hit)
You throw a poisoned dart. The poisoned dart hits the ogre.
The ogre is poisoned.
The ogre attacks as you move away!
The ogre hits you with a +0 giant club!!
* * * LOW HITPOINT WARNING * * *
The ogre hits you with a +0 giant club!!
Ouch! That really hurt!
You die...

#. ..........# #.
..........# #.
..........# ####+#.
..........###
$......######........#
..>....(....#........#
.......#....#........#
.......#..O.+........#
.......#...@#........#
.......##...#........#
....... #...#........#
....... #...#........#
....... #...#........#
#...#........#
#.###........#
####'#........###
#....'........#


You could see an ogre (poisoned).

Vanquished Creatures
  Sigmund (D:3)
  3 scorpions
  2 orc priests (D:3)
  Terence (D:3)
  Robin (D:3)
  3 adders (D:3)
  A worm (D:3)
  A dart slug (D:3)
  4 orcs
  7 endoplasms
  4 giant cockroaches
  10 hobgoblins
  4 jackals (D:3)
  2 kobolds
  3 quokkas
  7 ball pythons
  10 bats
  3 frilled lizards
  18 goblins
  5 rats (D:1)
90 creatures vanquished.

Notes
Turn   | Place    | Note
-------+----------+-------------------------------------------
     0 | D:1      | LonelyCrow the Human Hunter began the quest for the Orb.
     0 | D:1      | Reached XP level 1. HP: 16/16 MP: 1/1
    56 | D:1      | Reached XP level 2. HP: 22/22 MP: 2/2
   389 | D:1      | Reached XP level 3. HP: 23/27 MP: 3/3
   978 | D:2      | Reached skill level 5 in Ranged Weapons
  1013 | D:2      | Found a faded altar of an unknown god.
  1133 | D:2      | Found Enotaeph's Assorted Antiques.
  1531 | D:2      | Reached XP level 4. HP: 34/34 MP: 4/4
  1916 | D:3      | Noticed Terence
  1917 | D:3      | Noticed Sigmund
  1919 | D:3      | Killed Terence
  1919 | D:3      | Killed Sigmund
  1920 | D:3      | Reached skill level 6 in Ranged Weapons
  1920 | D:3      | Reached skill level 1 in Armour
  1920 | D:3      | Reached XP level 5. HP: 38/41 MP: 5/5
  1920 | D:3      | Reached XP level 6. HP: 43/47 MP: 6/6
  2133 | D:3      | Reached XP level 7. HP: 11/52 MP: 7/7
  2358 | D:3      | Found a shimmering blue altar of Sif Muna.
  2359 | D:3      | Found a shadowy altar of Dithmenos.
  2448 | D:3      | Reached skill level 7 in Ranged Weapons
  2497 | D:3      | Noticed Robin
  2521 | D:3      | Killed Robin
  2622 | D:3      | Found a runed translucent door.
  2623 | D:3      | Noticed Crazy Yiuf
  2801 | D:4      | Demolished by an ogre

Illustrated notes

Levels and vault maps discovered:
D:1:      evilmike_arrival_plus, layout_basic, minmay_tripent
D:2:      layout_loops_corners, serial_shops, nicolae_shop_dealshenge,
          hellmonk_ecumenical_altar_inner_sanctum
D:3:      layout_basic, mainiacjoe_overflow_divided_tiny, uniq_terence,
          uniq_sigmund, uniq_crazy_yiuf_cottage, uniq_robin
D:4:      layout_gridville, minmay_temple_entry_mist, serial_shops,
          nicolae_shop_rolling_square, uniq_menkaure

Skill      XL: |  1  2  3  4  5  6  7 |
---------------+----------------------+-----
Ranged Weapons | 5 6 7 |  7.3
Fighting       | 3 |  3.5
Armour         | 1 2 |  2.3
Dodging        | |  2.4
Stealth        | |  1.7

Action                     |  1- 3 |  4- 6 |  7- 9 || total
---------------------------+-------+-------+-------++-------
   Fire: Shortbow          |   111 |    46 |    86 ||   243
  Throw: Dart              |       |       |     5 ||     5
    Use: Scroll            |     1 |     5 |     2 ||     8
         Potion            |       |       |     1 ||     1
 Armour: Leather armour    |     5 |       |       ||     5
         Ring mail         |    16 |    20 |    27 ||    63
  Dodge: Dodged            |    47 |    26 |    27 ||   100
